 Dungeon Crawl Stone Soup version 0.23.0-28-g6fe0f4dc8b (webtiles) character file.

Game seed: 14668891096410349552

24068 CrazyMind the Black Sun (level 12, -2/121 HPs)
             Began as a Demonspawn Necromancer on Feb 24, 2019.
             Was a High Priest of Kikubaaqudgha.
             Slain by a soul eater (11 damage)
             ... summoned by an orange crystal statue
             ... in a Gauntlet on Feb 25, 2019.
             The game lasted 02:45:13 (19244 turns).

CrazyMind the Black Sun (Demonspawn Necromancer)   Turns: 19244, Time: 02:45:13

Health: -2/121     AC: 26    Str: 12      XL:     12   Next: 77%
Magic:  0/28       EV:  2    Int: 19 (20) God:    Kikubaaqudgha [*****.]
Gold:   392        SH:  0    Dex: 16      Spells: 12/35 levels left

rFire    + . .     SeeInvis .   T - +4 double sword of Zushrorakh {venom, MR+ Str+4}
rCold    + . .     Gourm    .   (no shield)
rNeg     + + +     Faith    .   (armour currently unavailable)
rPois    +         Spirit   +   (helmet currently unavailable)
rElec    +         Reflect  .   (cloak currently unavailable)
rCorr    +         Harm     .   (gloves currently unavailable)
MR       ++...     NoTele   +   (boots unavailable)
Stlth    ++........             S - amulet of the acrobat
HPRegen  1.30/turn              q - ring of wizardry
MPRegen  0.42/turn              y - ring of protection from magic

@: tree-form, resistant, acrobat, regenerating, lightly drained
A: magic shield, magic regeneration
a: Receive Corpses, Torment, Renounce Religion


You were in a Gauntlet.
You worshipped Kikubaaqudgha.
Kikubaaqudgha was extremely pleased with you.
You were near starving.
You were a tree.
You visited 2 branches of the dungeon, and saw 15 of its levels.
You also visited: Gauntlet.

You collected 615 gold pieces.
You spent 223 gold pieces at shops.

Inventory:

Hand Weapons
 k - a +2 quarterstaff of chaos
 w - a +5 dagger
 T - the +4 double sword of Zushrorakh (weapon) {venom, MR+ Str+4}
   (You found it on level 9 of the Dungeon)

   It poisons the flesh of those it strikes.
   It affects your strength (+4).
   It affects your resistance to hostile enchantments.
Armour
 j - a +2 pair of gloves (melded)
 l - a scarf of spirit shield
 u - a +0 helmet (melded)
 E - a +0 robe of magic resistance
 I - a +1 cloak of poison resistance (melded)
 N - a +0 troll leather armour (melded)
 Z - a +1 robe of positive energy
Magical Staves
 r - an uncursed staff of energy
 A - an uncursed staff of wizardry
Jewellery
 n - an uncursed ring of ice
 p - a +2 ring of evasion
 q - a ring of wizardry (left branch)
 t - an uncursed ring of stealth
 x - a +4 ring of evasion
 y - a ring of protection from magic (right branch)
 B - an uncursed ring of fire
 D - an uncursed ring of ice
 J - an uncursed ring of protection from fire
 S - an amulet of the acrobat (around neck)
Wands
 a - a wand of iceblast (19)
 o - a wand of disintegration (18)
 s - a wand of random effects (21)
 F - a wand of acid (7)
 K - a wand of digging (7)
Scrolls
 b - a scroll of enchant weapon
 d - 9 scrolls of teleportation
 f - 11 scrolls of remove curse
 h - 15 scrolls of identify
 m - 3 scrolls of fog
 M - 2 scrolls of magic mapping
Potions
 e - a potion of agility
 g - a potion of lignification
 i - a potion of mutation
 v - 3 potions of brilliance
Miscellaneous
 L - a phial of floods
 O - a phial of floods
Comestibles
 c - 16 rations


   Skills:
 + Level 3.3(3.1) Fighting
 + Level 4.3(4.0) Long Blades
 * Level 6.9(6.6) Armour
 + Level 4.9(4.6) Dodging
 + Level 3.2(3.0) Stealth
 * Level 12.0(11.7) Spellcasting
 + Level 0.8(0.6) Charms
 * Level 14.4(14.0) Necromancy


You had 12 spell levels left.
You knew the following spells:

 Your Spells              Type           Power        Failure   Level  Hunger
a - Pain                  Necr           ####         0%          1    None
b - Vampiric Draining     Necr           ######....   1%          3    None
c - Regeneration          Chrm/Necr      #####.....   1%          3    None
d - Animate Dead          Necr           N/A          1%          4    ##.....
e - Sublimation of Blood  Necr           ######....   1%          2    None
f - Dispel Undead         Necr           ######..     1%          5    ####...
g - Agony                 Necr           ######..     1%          5    ####...

Your spell library contained the following spells:

 Spells                   Type           Power        Failure   Level  Hunger
 Animate Skeleton         Necr           N/A          0%          1    None
 Apportation              Tloc           ##....       2%          1    None
 Confusing Touch          Hex            ##....       2%          1    None
 Magic Dart               Conj           ##..         2%          1    None
 Shock                    Conj/Air       ##..         2%          1    None
 Summon Butterflies       Summ           ##......     2%          1    None
 Summon Small Mammal      Summ           ##..         2%          1    None
 Excruciating Wounds      Chrm/Necr      #####.....   3%          5    ####...
 Call Imp                 Summ           ##......     4%          2    None
 Searing Ray              Conj           ##....       4%          2    None
 Call Canine Familiar     Summ           ##......     8%          3    None
 Dazzling Spray           Conj/Hex       ##....       8%          3    None
 Summon Guardian Golem    Hex/Summ       ##......     8%          3    None
 Simulacrum               Ice/Necr       #####.....   21%         6    ######.
 Force Lance              Conj/Tloc      ##......     24%         4    ##.....
 Fulminant Prism          Conj/Hex       ##........   24%         4    ##.....
 Iskenderun's Mystic Bla  Conj           ##......     24%         4    ##.....
 Summon Ice Beast         Ice/Summ       ##......     24%         4    ##.....
 Summon Lightning Spire   Summ/Air       ##......     24%         4    ##.....
 Lightning Bolt           Conj/Air       ##........   52%         5    ####...
 Summon Mana Viper        Hex/Summ       ##......     52%         5    ####...
 Deflect Missiles         Chrm/Air       ##........   96%         6    ######.
 Summon Hydra             Summ           ##........   100%        7    #######


Dungeon Overview and Level Annotations

Branches:
Dungeon (11/15)            Temple (0/1) D:7            Lair (4/6) D:11
  Swamp (0/4) Lair:4       Spider (0/4) Lair:2
    Orc: D:9-12

Altars:
Elyvilon
Fedhas
Gozag
Kikubaaqudgha
Makhleb
Nemelex Xobeh
Ru
Trog
Vehumet
Xom
Yredelemnul
Zin
The Shining One

Shops:
D:6 =   D:7 [[?!

Annotations:
D:3 3 runed translucent doors, Jabberih's ghost, weakling DsGl
D:10 Maurice
Lair:2 3 runed translucent doors, Kisielow's ghost, journeyman MiFi Gauntlet 7 transporters, exclusion: orange crystal statue


Innate Abilities, Weirdness & Mutations

((You have hooves in place of feet.))
((You are mostly covered in slimy green scales. (AC +3)))
When hurt, damage is shared between your health and your magic reserves.
You regenerate magic rapidly.


Message History

Being near the torpor snail leaves you feeling lethargic.
The soul eater hits you but does no damage.
You feel yourself speed up. The tengu conjurer hits you.
* * * LOW HITPOINT WARNING * * *
The tengu conjurer pecks you but does no damage.
The tengu conjurer claws you but does no damage.
The soul eater completely misses you.
You riposte.
You completely miss the soul eater.
The soul eater is severely wounded.
The tengu conjurer casts a spell.
The tengu conjurer blinks!
The tengu conjurer completely misses you.
The tengu conjurer pecks you.
The tengu conjurer claws you but does no damage.
Being near the torpor snail leaves you feeling lethargic.
You feel yourself speed up. The soul eater hits you!
You die...
Kikubaaqudgha rasps: "You have failed me!
Welcome... death!"

########...###########..#...#
.........≈.............§#.©.##
........≈8≈............∩#.....
.........≈.............≈#.©.#
########...###########..#...##
.#.#...#...#.......[Z#..#.....
#...#..#...#.##.wQ##.#..#.8.##
#...##.#####..##3##./#..#...##
.#.##.)#...#...#♣#Z.Z#..#.8...
..©.#.©#©.©#...Q*#.8©#..#...##
.#.##..#...#...#§#../#..#≈8≈#
#...##.#####..##.##..#..#####
#...#..#...#.##...##.#..#
.#.#...#.8.#.........#..###
########...###########..#8#
........................###
.......................≈#


You could see an orange crystal statue, a soul eater, a torpor snail, 2 tengu
conjurers and a battlesphere.

Vanquished Creatures
  Snorg (D:10)
  Josephine (D:10)
  Harold (D:10)
  2 hydras
  A sea snake (D:6)
  An unseen horror (D:9)
  A wizard (D:10)
  2 black mambas
  8 spiny frogs
  4 komodo dragons
  A tyrant leech (Lair:3)
  A hornet (D:9)
  A queen bee (Gauntlet)
  2 trolls
  3 dream sheep
  2 polar bears
  4 hippogriffs
  Prince Ribbit (D:5)
  2 slime creatures
  A shadow (D:6)
  Sigmund (D:6)
  3 wraiths
  8 yaks
  Eustachio (D:6)
  A hungry ghost (D:9)
  A swamp worm (Lair:4)
  5 porcupines
  2 orc warriors
  4 water moccasins
  2 sky beasts
  An ice beast (D:5)
  3 black bears (D:11)
  A necrophage (D:9)
  A phantom (D:9)
  2 ogres
  11 wolves
  3 centaurs
  4 crocodiles
  A big kobold (D:7)
  12 bullfrogs
  A gnoll sergeant (D:11)
  6 scorpions
  14 killer bees
  4 wights
  2 howler monkeys
  A centaur zombie (D:9)
  4 crimson imps
  4 hounds
  A quasit (D:7)
  A bullfrog zombie (D:10)
  A bullfrog skeleton (D:6)
  Crazy Yiuf (D:6)
  9 jellies
  6 orc priests
  6 iguanas
  Natasha (thrice) (D:2)
  10 orc wizards
  12 worker ants
  A killer bee zombie (D:9)
  A hound zombie (D:5)
  2 hound skeletons
  3 worker ant zombies
  Robin (D:4)
  4 gnolls
  12 adders
  4 shadow imps
  14 oozes (Lair:3)
  An adder skeleton (D:6)
  An adder zombie (D:7)
  A worm (D:2)
  2 dart slugs
  5 leopard geckos
  31 orcs
  6 bats
  A bat skeleton (D:2)
  A bat zombie (D:2)
  5 giant cockroaches
  11 hobgoblins
  8 jackals
  9 kobolds
  5 quokkas
  5 frilled lizards
  20 goblins
  A leopard gecko skeleton (D:4)
  A leopard gecko zombie (D:2)
  A quokka skeleton (D:4)
  11 rats
361 creatures vanquished.

Vanquished Creatures (collateral kills)
  A death ooze (Gauntlet)
  A black mamba (Lair:1)
  A dream sheep (Lair:3)
  2 hippogriffs (D:9)
  3 yaks
  Edmund (D:3)
  A porcupine (Lair:2)
  A black bear (Lair:2)
  2 wolves
  2 ogres
  A big kobold (D:9)
  A centaur (Lair:2)
  A bullfrog (D:7)
  4 wights
  A crimson imp (D:6)
  A centaur zombie (D:5)
  3 hounds
  An orc wizard (D:7)
  An iguana (D:4)
  2 worker ants
  A hound zombie (D:5)
  A shadow imp (D:10)
  2 leopard geckos
  2 orcs
  A goblin (D:4)
  A quokka (D:3)
  A leopard gecko skeleton (D:4)
  A leopard gecko zombie (D:7)
41 creatures vanquished.

Vanquished Creatures (others)
  5 dream sheep (D:3)
  11 fungi
  2 plants (Lair:2)
  A withered plant (Gauntlet)
19 creatures vanquished.

Grand Total: 421 creatures vanquished

Notes
Turn   | Place    | Note
-------+----------+-------------------------------------------
     0 | D:1      | CrazyMind the Demonspawn Necromancer began the quest for
                  | the Orb.
     0 | D:1      | Reached XP level 1. HP: 13/13 MP: 3/3
   353 | D:1      | Gained mutation: You have large cloven feet. [demonic
                  | ancestry]
   353 | D:1      | Reached XP level 2. HP: 16/19 MP: 1/5
   707 | D:1      | Reached skill level 5 in Necromancy
   901 | D:1      | Reached XP level 3. HP: 22/24 MP: 2/6
   933 | D:1      | Learned a level 3 spell: Vampiric Draining
  1435 | D:2      | Found a glowing silver altar of Zin.
  1445 | D:2      | Found a sacrificial altar of Ru.
  1445 | D:2      | Found a radiant altar of Vehumet.
  1448 | D:2      | Found an opulent altar of Gozag.
  1448 | D:2      | Found a bloodstained altar of Trog.
  1449 | D:2      | Found a glowing golden altar of the Shining One.
  1653 | D:2      | Noticed Natasha
  1829 | D:2      | Killed Natasha
  1829 | D:2      | Gained mutation: You are partially covered in slimy green
                  | scales. (AC +2) [demonic ancestry]
  1829 | D:2      | Reached XP level 4. HP: 26/30 MP: 3/8
  1845 | D:1      | Learned a level 3 spell: Regeneration
  1985 | D:2      | Noticed Natasha
  1990 | D:2      | Killed Natasha
  2451 | D:2      | Noticed Natasha
  2512 | D:2      | Killed Natasha
  2512 | D:2      | Reached XP level 5. HP: 25/35 MP: 3/9
  2799 | D:3      | Reached skill level 6 in Necromancy
  3162 | D:2      | Learned a level 4 spell: Animate Dead
  3409 | D:3      | Reached XP level 6. HP: 17/41 MP: 3/12
  3779 | D:3      | Noticed a dream sheep
  3779 | D:3      | Noticed a dream sheep
  3779 | D:3      | Noticed a dream sheep
  3779 | D:3      | Noticed a dream sheep
  3779 | D:3      | Noticed a dream sheep
  3779 | D:3      | Found a shimmering altar of Xom.
  3784 | D:3      | Killed a dream sheep
  3784 | D:3      | Killed a dream sheep
  3784 | D:3      | Killed a dream sheep
  3785 | D:3      | Killed a dream sheep
  3787 | D:3      | Killed a dream sheep
  3848 | D:3      | Found a sparkling altar of Nemelex Xobeh.
  4052 | D:3      | Found a blossoming altar of Fedhas.
  4052 | D:3      | Found an ancient bone altar of Kikubaaqudgha.
  4063 | D:3      | Became a worshipper of Kikubaaqudgha
  4310 | D:3      | Found a runed translucent gate.
  4310 | D:3      | Found a runed translucent gate.
  4310 | D:3      | Found a runed translucent gate.
  4310 | D:3      | Noticed Jabberih's ghost (weakling DsGl)
  4479 | D:4      | Reached skill level 7 in Necromancy
  4987 | D:4      | Noticed Edmund
  5030 | D:5      | Entered Level 5 of the Dungeon
  5110 | D:5      | Gained mutation: When hurt, damage is shared between your
                  | health and your magic reserves. [demonic ancestry]
  5110 | D:5      | Reached XP level 7. HP: 40/46 MP: 14/14
  5180 | D:5      | Reached skill level 5 in Spellcasting
  5233 | D:5      | Reached skill level 1 in Armour
  5475 | D:5      | Reached * piety under Kikubaaqudgha
  5475 | D:5      | Identified Kikubaaqudgha's Catalogue of Black Magic
                  | (Kikubaaqudgha gifted it to you on level 5 of the Dungeon)
  5475 | D:5      | Received a gift from Kikubaaqudgha
  5480 | D:5      | Learned a level 2 spell: Sublimation of Blood
  5652 | D:5      | Noticed Prince Ribbit
  5911 | D:5      | Killed Prince Ribbit
  5911 | D:5      | Reached skill level 8 in Necromancy
  5911 | D:5      | Gained mutation: You are mostly covered in slimy green
                  | scales. (AC +3) [demonic ancestry]
  5911 | D:5      | Reached XP level 8. HP: 39/53 MP: 3/17
  6200 | D:6      | Noticed Sigmund
  6209 | D:6      | Killed Sigmund
  6384 | D:6      | Found Vehoikiez's Jewellery Boutique.
  6577 | D:6      | Noticed Eustachio
  6733 | D:4      | Noticed Robin
  6738 | D:4      | Killed Robin
  7621 | D:6      | Found a burning altar of Makhleb.
  7672 | D:6      | Reached skill level 9 in Necromancy
  7726 | D:6      | Killed Eustachio
  7977 | D:6      | Found a runed translucent door.
  7978 | D:6      | Noticed Crazy Yiuf
  7988 | D:6      | Killed Crazy Yiuf
  8032 | D:6      | Gained mutation: You have hoof-like feet. [demonic
                  | ancestry]
  8032 | D:6      | Reached XP level 9. HP: 55/58 MP: 16/19
  8267 | D:7      | Reached skill level 1 in Fighting
  8432 | D:7      | Noticed a two-headed ogre
  8490 | D:7      | Reached ** piety under Kikubaaqudgha
  8537 | D:6      | Noticed a sea snake
  8537 | D:6      | a two-headed ogre changed into a sea snake
  8559 | D:6      | Killed a sea snake
  8770 | D:6      | Reached skill level 10 in Necromancy
  9021 | D:7      | Found Gaonnoaj's Distillery.
  9026 | D:7      | Bought a potion of mutation for 104 gold pieces
  9156 | D:3      | Killed Edmund
  9350 | D:7      | Found Bixiyt's Armour Emporium.
  9520 | D:7      | Found Poshrao's Antique Armour Emporium.
  9549 | D:7      | Found a staircase to the Ecumenical Temple.
 10011 | D:7      | Found Gyocam's Magic Scroll Shoppe.
 10282 | D:8      | Found a basalt altar of Yredelemnul.
 10490 | D:7      | Bought a +0 cloak of poison resistance for 119 gold pieces
 10727 | D:8      | Reached XP level 10. HP: 57/67 MP: 14/22
 10846 | D:8      | You fall through a shaft for 3 floors!
 10897 | D:10     | Entered Level 10 of the Dungeon
 10898 | D:10     | Noticed Snorg
 10901 | D:10     | Noticed Maurice
 11081 | D:10     | Noticed Josephine
 11961 | D:8      | Found a white marble altar of Elyvilon.
 12101 | D:9      | Reached skill level 11 in Necromancy
 12236 | D:9      | Reached *** piety under Kikubaaqudgha
 12236 | D:9      | Identified Kikubaaqudgha's Tome of Evil Arts (Kikubaaqudgha
                  | gifted it to you on level 9 of the Dungeon)
 12236 | D:9      | Received a gift from Kikubaaqudgha
 12244 | D:9      | Learned a level 5 spell: Dispel Undead
 12250 | D:9      | Learned a level 5 spell: Agony
 12833 | D:9      | Killed an unseen horror
 13414 | D:9      | Got an encrusted double sword
 13420 | D:9      | Identified the +4 double sword of Zushrorakh {venom, MR+
                  | Str+4} (You found it on level 9 of the Dungeon)
 13440 | D:9      | Noticed a six-headed hydra
 13510 | D:9      | Reached skill level 10 in Spellcasting
 13657 | D:9      | Killed a six-headed hydra
 13657 | D:9      | Reached skill level 12 in Necromancy
 13657 | D:9      | Gained mutation: You regenerate magic rapidly. [demonic
                  | ancestry]
 13657 | D:9      | Reached XP level 11. HP: 38/74 MP: 1/25
 13828 | D:10     | Reached skill level 5 in Armour
 14103 | D:10     | Killed Snorg
 14103 | D:10     | Reached skill level 1 in Long Blades
 14194 | D:10     | Killed Josephine
 14194 | D:10     | Reached **** piety under Kikubaaqudgha
 14323 | D:10     | Noticed a wizard
 14329 | D:10     | Killed a wizard
 14807 | D:10     | Noticed Harold
 14814 | D:10     | Killed Harold
 14993 | D:11     | Found a staircase to the Lair.
 15006 | Lair:1   | Entered Level 1 of the Lair of Beasts
 15080 | Lair:1   | Upgraded the game from 0.23.0-3-gf3c87f2df8 to
                  | 0.23.0-28-g6fe0f4dc8b
 15324 | Lair:1   | Reached skill level 13 in Necromancy
 15884 | Lair:1   | Identified a scroll of acquirement
 15884 | Lair:1   | Identified Sif Muna's Handbook of Flight and Companions
                  | (You acquired it on level 1 of the Lair of Beasts)
 16314 | Lair:2   | Found a runed translucent gate.
 16314 | Lair:2   | Found a runed translucent gate.
 16314 | Lair:2   | Found a runed translucent gate.
 16411 | Lair:2   | Gained mutation: You have hooves in place of feet. [demonic
                  | ancestry]
 16411 | Lair:2   | Reached XP level 12. HP: 73/81 MP: 6/27
 16693 | Lair:2   | Found a hole to the Spider Nest.
 16739 | Lair:2   | Noticed a seven-headed hydra
 16747 | Lair:2   | Killed an eight-headed hydra
 16996 | Lair:2   | Noticed Kisielow's ghost (journeyman MiFi)
 17261 | Lair:2   | Reached ***** piety under Kikubaaqudgha
 17954 | Lair:3   | Reached skill level 14 in Necromancy
 18628 | Lair:4   | Found a staircase to the Swamp.
 18674 | Lair:4   | Noticed a death yak
 18678 | Lair:4   | Noticed a death yak
 18679 | Lair:4   | Noticed a death yak
 18698 | Lair:4   | Noticed a death yak
 18758 | Lair:4   | Found a gate leading to a gauntlet.
 18772 | Gauntlet | Entered a Gauntlet
 18772 | Gauntlet | Found a transporter.
 18772 | Gauntlet | Found a transporter.
 18772 | Gauntlet | Noticed a death ooze
 18772 | Gauntlet | Noticed a death ooze
 18828 | Gauntlet | Found a transporter.
 18828 | Gauntlet | Found a transporter.
 18831 | Gauntlet | Found a transporter.
 18831 | Gauntlet | Found a transporter.
 18840 | Gauntlet | Noticed a queen ant
 18841 | Gauntlet | Found a transporter.
 18845 | Gauntlet | Found a transporter.
 18857 | Gauntlet | Found a transporter.
 18860 | Gauntlet | Found a transporter.
 18881 | Gauntlet | Found a transporter.
 18883 | Gauntlet | Found a transporter.
 19093 | Gauntlet | Killed a death ooze
 19228 | Gauntlet | HP: 6/121 [battlesphere[an orange crystal statue] (3)]
 19229 | Gauntlet | HP: 1/121 [soul eater[an orange crystal statue] (6)]
 19241 | Gauntlet | HP: 4/121 [soul eater[an orange crystal statue] (11)]
 19244 | Gauntlet | Slain by a soul eater

Skill      XL: |  1  2  3  4  5  6  7  8  9 10 11 12 |
---------------+-------------------------------------+-----
Necromancy     | 5 6 7 8 9 10 12 13 14 | 14.4
Stealth        | 2 3 |  3.2
Spellcasting   | 3 4 6 7 8 10 11 12 | 12.0
Dodging        | 2 3 4 |  4.9
Armour         | 1 3 4 6 |  6.9
Fighting       | 2 3 |  3.3
Long Blades    | 2 4 |  4.3
Charms         | |  0.8

Action                   |  1- 3 |  4- 6 |  7- 9 | 10-12 || total
-------------------------+-------+-------+-------+-------++-------
Melee: Dagger            |    23 |   106 |   211 |    89 ||   429
       Kick              |     1 |       |       |    63 ||    64
       Short sword       |     1 |    10 |       |       ||    11
       Quarterstaff      |       |       |   108 |    25 ||   133
       Double sword      |       |       |       |   288 ||   288
Throw: Throwing net      |       |       |       |     2 ||     2
 Cast: Pain              |    55 |   148 |   185 |   156 ||   544
       Regeneration      |       |     5 |     9 |    18 ||    32
       Vampiric Draining |       |     1 |    19 |    48 ||    68
       Animate Dead      |       |    10 |    31 |    45 ||    86
       Agony             |       |       |       |    84 ||    84
       Sublimation of Bl |       |       |       |    16 ||    16
       Dispel Undead     |       |       |       |    12 ||    12
Invok: Receive Corpses   |       |       |     4 |     3 ||     7
  Use: Potion            |       |     4 |    10 |    11 ||    25
       Scroll            |       |       |     4 |    19 ||    23
 Stab: Sleeping          |     1 |     1 |     2 |     8 ||    12
       Distracted        |       |     1 |     1 |     3 ||     5
  Eat: Chunk             |     2 |    14 |    24 |    33 ||    73
       Ration            |       |       |       |     5 ||     5
Armor: Robe              |     7 |    30 |       |       ||    37
       Skin              |       |    32 |    34 |    66 ||   132
       Leather armour    |       |    19 |   234 |    93 ||   346
       Troll leather arm |       |       |       |   239 ||   239
Dodge: Dodged            |    19 |    88 |   303 |   515 ||   925
       Rpst.: Double sword |       |       |       |   112 ||   112
